 Dungeon Crawl Stone Soup version 0.21-a0-273-g0785366 (webtiles) character file.

32 Banto the Ruffian (level 3, 0/46 HPs)
             Began as a Naga Transmuter on Sept 17, 2017.
             Slain by a worm (2 damage)
             ... on level 2 of the Dungeon.
             The game lasted 00:01:15 (1012 turns).

Banto the Ruffian (Naga Transmuter)                 Turns: 1012, Time: 00:01:15

Health: 0/46       AC: 21    Str: 12    XL:     3   Next: 27%
Magic:  0/6        EV:  1    Int: 14    God:
Gold:   46         SH:  0    Dex: 11    Spells: 5/6 levels left

rFire    . . .     SeeInvis +   g - +2 dagger (speed)
rCold    . . .     Gourm    .   (no shield)
rNeg     + + +     Faith    .   (armour currently unavailable)
rPois    +         Spirit   +   (helmet currently unavailable)
rElec    .         Reflect  .   (cloak currently unavailable)
rCorr    .         Harm     .   (gloves currently unavailable)
MR       .....     NoTele   +   (no barding)
Stlth    +.........             l - amulet of guardian spirit
HPRegen  0.15/turn              (no ring)
MPRegen  0.10/turn              (no ring)

@: lethally poisoned (0 -> -1), tree-form
A: see invisible, slow metabolism 1, spit poison 1, AC +1
a: Spit Poison


You were on level 2 of the Dungeon.
You were not hungry.
You were a tree.
You visited 1 branch of the dungeon, and saw 2 of its levels.

You collected 46 gold pieces.

Inventory:

Hand Weapons
 g - a +2 dagger of speed (weapon)
Missiles
 a - 26 arrows
Armour
 b - a +0 robe (melded)
Jewellery
 l - an amulet of guardian spirit (around neck)
Scrolls
 f - 2 scrolls of remove curse {unknown}
 h - a scroll of enchant armour {unknown}
 i - a scroll of random uselessness {unknown}
 j - 2 scrolls of identify {unknown}
Potions
 e - a potion of lignification
Books
 c - a book of Changes

   Spells                             Type                      Level
   a - Beastly Appendage              Transmutation                1
   b - Sticks to Snakes               Transmutation                2
   c - Spider Form                    Transmutation/Poison         3
   d - Ice Form                       Ice/Transmutation            4
   e - Blade Hands                    Transmutation                5
Comestibles
 d - a bread ration


   Skills:
 - Level 1.0 Fighting
 - Level 1.5 Dodging
 - Level 3.5 Unarmed Combat
 - Level 2.0 Spellcasting
 + Level 3.0 Transmutations


You had 5 spell levels left.
You knew the following spells:

 Your Spells              Type           Power        Failure   Level  Hunger
a - Beastly Appendage     Tmut           #.....       7%          1    ##.....


Dungeon Overview and Level Annotations

Branches:
Dungeon (2/15)

Altars:


Innate Abilities, Weirdness & Mutations

You cannot wear boots.
((Your serpentine skin is tough. (AC +1)))
You have supernaturally acute eyesight. (SInv)
((Armour fits poorly on your strangely shaped body.))
((Your system is resistant to poisons. (rPois)))
((You cover ground very slowly.))
You have a slow metabolism.
You can spit poison.


Message History

You feel sick.
A worm comes into view.
You take 1 damage, and have 5/46 hp.
You feel sick.
You take 1 damage, and have 5/46 hp.
You hit the worm.
The worm is lightly wounded.
You feel sick.
You take 1 damage, and have 4/46 hp.
You hit the worm but do no damage.
The worm is lightly wounded.
The worm bites you.
* * * LOW HITPOINT WARNING * * *
You take 2 damage, and have 2/46 hp.
You now have 2/6 mp.
You hit the worm.
The worm is lightly wounded.
You hit the worm.
The worm is moderately wounded.
The worm bites you.
You die...

... .. #.# . #
####.#### .#
#####.#
#.......##.#
#.♣w$.#
#......(...#
#.##....#
.........######(#
.(.....
...........#....#
....###
.............#..#
....#
.###)###.#...#..#
....# .<.#.#
#.##.....# .$...
#..#.# #.......##
.....#
#..#.#######.###


You could see a worm.

Vanquished Creatures
  An adder (D:2)
  2 dart slugs
  A leopard gecko (D:1)
  3 hobgoblins (D:1)
  2 jackals (D:1)
  3 bats
  A goblin (D:1)
  4 kobolds
  4 rats (D:1)
21 creatures vanquished.

Notes
Turn   | Place    | Note
-------+----------+-------------------------------------------
     0 | D:1      | Banto the Naga Transmuter began the quest for the Orb.
     0 | D:1      | Reached XP level 1. HP: 18/18 MP: 3/3
   371 | D:1      | Reached XP level 2. HP: 23/25 MP: 3/5
   991 | D:2      | Reached XP level 3. HP: 7/31 MP: 1/6
  1010 | D:2      | HP: 2/46 [worm (3)]
  1012 | D:2      | Slain by a worm

Vault maps used:
D:1:      scummos_arrival_gate
D:2:      uniq_crazy_yiuf_cottage

Skill      XL: |  1  2  3 |
---------------+----------+-----
Transmutations | 3 |  3.0
Fighting       | |  1.0
Dodging        | |  1.5
Unarmed Combat | |  3.5
Spellcasting   | |  2.0

Action                   || total
-------------------------++-------
Melee: Unarmed           ||    14
       Headbutt          ||     3
       Dagger            ||    30
       Punch             ||     1
 Cast: Beastly Appendage ||     3
 Abil: Spit Poison       ||    15
  Use: Potion            ||     1
  Eat: Chunk             ||     1
Armor: Robe              ||     7
       Skin              ||     1
Dodge: Dodged            ||    26

Table legend:
 A = Spawn XP
 B = Non-spawn XP
 C = Spawn XP percentage of total XP
 D = Spawn monster count
 E = Non-spawn monster count
 F = Spawn count percentage of total count
 G = Total turns spent on level
                    A         B        C        D         E        F      G
               +---------+---------+-------+---------+---------+-------+---------
         Total |       0 |      47 |   0.0 |       0 |      21 |   0.0 |  1012
               +---------+---------+-------+---------+---------+-------+---------
           D:1 |       0 |      26 |   0.0 |       0 |      16 |   0.0 |   936
           D:2 |       0 |      21 |   0.0 |       0 |       5 |   0.0 |    76
               +---------+---------+-------+---------+---------+-------+---------

Table legend:
 A = Turns spent in this place as a percentage of turns spent in the entire game.
 B = Non-inter-level travel turns spent in this place as a percentage of non-inter-level travel turns spent in the entire game.
 C = Inter-level travel turns spent in this place as a percentage of turns spent in this place.
 D = Turns resting spent in this place as a percentage of non-inter-level travel turns spent in this place.
 E = Turns spent auto-exploring this place as a percentage of non-inter-level travel turns spent in this place.
 F = Non-inter-level travel turns spent in this place divided by the number of levels of this place that you've seen.
                   A       B       C       D       E      F
               +-------+-------+-------+-------+-------+----------------------
         Total | 100.0 | 100.0 |   4.8 |  23.7 |  59.5 | 481.5
       Dungeon | 100.0 | 100.0 |   4.8 |  23.7 |  59.5 | 481.5
               +-------+-------+-------+-------+-------+----------------------

Table legend:
 A = Kills in this place as a percentage of kills in entire the game.
 B = Kills by you in this place as a percentage of kills by you in the entire game.
 C = Kills by friends in this place as a percentage of kills by friends in the entire game.
 D = Other kills in this place as a percentage of other kills in the entire game.
 E = Experience gained in this place as a percentage of experience gained in the entire game.
 F = Experience gained in this place divided by the number of levels of this place that you have seen.
                   A       B       C       D       E      F
               +-------+-------+-------+-------+-------+----------------------
         Total | 100.0 | 100.0 |   N/A |   N/A | 100.0 |  23.5
       Dungeon | 100.0 | 100.0 |   N/A |   N/A | 100.0 |  23.5
               +-------+-------+-------+-------+-------+----------------------
